 Dungeon Crawl Stone Soup version 0.21-a0-531-gacddea6 (webtiles) character file.

19915 slep the Basher (level 12, 0/100 HPs)
             Began as a Demonspawn Gladiator on Dec 13, 2017.
             Was the Champion of Okawaru.
             Slain by a death knight
             ... wielding a +1 battleaxe
              (25 damage)
             ... on level 13 of the Dungeon.
             The game lasted 01:01:39 (12600 turns).

slep the Basher (Demonspawn Gladiator)             Turns: 12600, Time: 01:01:39

Health: 0/100      AC: 14    Str: 17    XL:     12   Next: 40%
Magic:  12/12      EV: 17    Int: 12    God:    Okawaru [******]
Gold:   651        SH:  5    Dex: 17    Spells: 10/11 levels left

rFire    + . .     SeeInvis .   N - +6 mace "Xighyis" {drain, rPois rF+ rN+}
rCold    + . .     Gourm    .   J - +0 buckler
rNeg     + + .     Faith    +   D - +1 scale mail {rPois}
rPois    +         Spirit   .   n - +0 helmet (curse)
rElec    .         Reflect  .   O - +0 cloak (curse)
rCorr    .         Harm     .   (gloves unavailable)
MR       .....     Clarity  +   (no boots)
Stlth    ++........             G - amulet of faith
HPRegen  0.26/turn              T - +2 ring of evasion
MPRegen  0.13/turn              Y - ring of protection from cold

@: barbed spikes
A: claws 3, rugged brown scales 3, agile 1, blink, clarity, negative energy
resistance 1, powered by pain 1, spiny 1, no potion heal 1
a: Blink, Heroism, Finesse, Renounce Religion


You were on level 13 of the Dungeon.
You worshipped Okawaru.
Okawaru was exalted by your worship.
You were not hungry.

You visited 2 branches of the dungeon, and saw 14 of its levels.
You also visited: Bailey.

You collected 756 gold pieces.
You spent 105 gold pieces at shops.

Inventory:

Hand Weapons
 E - the +4 mace of Vare {antimagic, rPois}
   (You found it on level 5 of the Dungeon)

   It reduces the magical energy of the wielder, and disrupts the spells and
   magical abilities of those hit.
   Natural abilities and divine invocations are not affected.
   It protects you from poison.
 N - the +6 mace "Xighyis" (weapon) {drain, rPois rF+ rN+}
   (You found it on level 5 of the Dungeon)

   A truly terrible weapon, it drains the life of those it strikes.
   It protects you from fire.
   It protects you from poison.
   It protects you from negative energy.
 U - a +0 blowgun
Missiles
 d - 2 throwing nets
 p - 7 javelins of returning
 z - 5 javelins (quivered)
 H - 11 curare-tipped needles
 V - 20 poisoned needles
Armour
 e - a scarf of cloud immunity
 k - a +0 hat
 n - a cursed +0 helmet (worn)
 D - a +1 scale mail of poison resistance (worn)
 J - a +0 buckler (worn)
 O - a cursed +0 cloak (worn)
Jewellery
 g - an uncursed ring of resist corrosion
 G - an amulet of faith (around neck)
 T - a +2 ring of evasion (left claw)
 Y - a ring of protection from cold (right claw)
Wands
 S - a wand of paralysis (9)
Scrolls
 a - 4 scrolls of vulnerability {unknown}
 b - 4 scrolls of enchant weapon {unknown}
 h - a scroll of magic mapping {unknown}
 j - a scroll of enchant armour {unknown}
 l - 9 scrolls of teleportation
 o - 9 scrolls of remove curse
 r - 4 scrolls of immolation {unknown}
 t - 3 scrolls of noise {unknown}
 v - 4 scrolls of amnesia {unknown}
 y - 5 scrolls of fog {unknown}
 L - a scroll of fear {unknown}
 Q - 7 scrolls of identify
 W - 2 scrolls of blinking
Potions
 i - a potion of resistance
 q - 2 potions of cancellation
 u - a potion of lignification {unknown}
 B - a potion of flight
 F - a potion of heal wounds
 K - a potion of curing
Books
 C - a book of Cantrips

   Spells                             Type                      Level
   a - Confusing Touch                Hexes                        1
   b - Animate Skeleton               Necromancy                   1
   c - Summon Small Mammal            Summoning                    1
   d - Apportation                    Translocation                1
Comestibles
 f - 13 bread rations
 m - 8 fruits
 w - 6 meat rations
 A - 7 royal jellies


   Skills:
 + Level 8.7 Fighting
   Level 6.4(9.4) Axes
 + Level 10.5(11.2) Maces & Flails
 + Level 3.0 Throwing
 + Level 6.3 Armour
 + Level 8.3 Dodging
 + Level 5.6 Stealth
 + Level 4.7 Shields


You had 10 spell levels left.
You knew the following spells:

 Your Spells              Type           Power        Failure   Level  Hunger
a - Apportation           Tloc           #.....       69%         1    ##.....


Dungeon Overview and Level Annotations

Branches:
Dungeon (13/15)            Temple (1/1) D:4            Lair (0/6) D:10
    Orc (0/2) D:9
 Vaults: D:13-14

Altars:
Ashenzari
Cheibriados
Dithmenos
Elyvilon
Fedhas
Gozag
Hepliaklqana
Kikubaaqudgha
Makhleb
Nemelex Xobeh
Okawaru
Qazlal
Ru
Sif Muna
Trog
Uskayaw
Vehumet
Wu Jian
Xom
Yredelemnul
Zin
The Shining One

Shops:
D:4 %   D:12 *


Innate Abilities, Weirdness & Mutations

You have claws for hands.
You are completely covered in rugged brown scales. (AC +3, +7% HP)
You resist negative energy. (rN+)
You sometimes gain a little power by taking damage.
You are partially covered in sharp spines.
You are agile. (Dex +2)
You can translocate small distances at will.
You possess an exceptional clarity of mind.
Potions are less effective at restoring your health.


Message History

The death knight is struck by your spines.
The death knight closely misses you.
The death knight reflects your damage back at you!
You thump the great orb of eyes!
The great orb of eyes is heavily wounded.
The great orb of eyes bites you!
Unknown command.
You hit the great orb of eyes. You drain the great orb of eyes!
The great orb of eyes is severely wounded.
The death knight's dark mirror aura disappears.
The death knight mumbles some strange prayers to Yredelemnul against you.
Your body is wracked with pain!
The great orb of eyes completely misses you.
The manticore is struck by your spines. The manticore misses you.
The manticore claws you!
* * * LOW HITPOINT WARNING * * *
The manticore completely misses you.
The death knight is struck by your spines.
The death knight hits you with an enchanted battleaxe!!
You die...

...
######.######
#}..#...#..:#
#...#...#...#
#...........#
#..###(###..#
#...#GH.#...#
#Z#@<<#.#
#...#pJ.#...#
#..###.### .#
#..........
#...#...#...#
#:..#...#..)#
######.## ###
#.. #..


You could see a death knight, a great orb of eyes, a slime creature, a manticore
and a wyvern simulacrum.

Vanquished Creatures
  3 centaur warriors (D:12)
  A two-headed ogre (D:11)
  A deep elf knight (Bailey)
  A manticore (D:11)
  8 deep elf magi (Bailey)
  2 cyclopes
  A gargoyle (D:12)
  A yaktaur (D:13)
  2 trolls
  3 hippogriffs
  A wyvern (D:12)
  A vampire (D:12)
  14 yaks
  A human (D:11)
  A basilisk (D:10)
  A wraith (D:12)
  4 hogs (D:11)
  A hungry ghost (D:11)
  3 vampire mosquitoes (D:12)
  A soldier ant (D:12)
  A water moccasin (D:9)
  3 porcupines (D:10)
  5 orc warriors
  6 sky beasts
  2 black bears (D:12)
  4 ogres
  4 phantoms
  2 ice beasts
  2 necrophages
  A crocodile (D:10)
  3 centaurs
  A big kobold (D:7)
  Blork the orc (D:4)
  A wyvern zombie (D:8)
  2 bullfrogs
  A water moccasin skeleton (D:9)
  A wyvern skeleton (D:10)
  3 scorpions
  7 killer bees (D:12)
  13 wights
  4 howler monkeys
  5 crimson imps
  3 centaur zombies
  A quasit (D:10)
  3 bullfrog zombies
  4 jellies
  5 hounds
  3 centaur skeletons
  8 orc priests
  8 orc wizards
  Crazy Yiuf (D:5)
  4 iguanas
  9 worker ants
  2 killer bee zombies (D:6)
  A hound zombie (D:6)
  A hound skeleton (D:10)
  A worker ant zombie (D:10)
  A gnoll (D:1)
  10 adders
  A shadow imp (D:6)
  5 oozes
  4 adder zombies
  3 adder skeletons
  A worm (D:3)
  5 leopard geckos
  26 orcs
  12 bats
  3 giant cockroaches
  6 goblins
  10 hobgoblins
  17 jackals
  7 kobolds
  7 quokkas
  2 ball pythons (D:2)
  4 frilled lizards
  A leopard gecko zombie (D:7)
  A quokka skeleton (D:6)
  A quokka zombie (D:5)
  9 rats
313 creatures vanquished.

Vanquished Creatures (others)
  A vampire (D:11)
  3 fungi (D:10)
  A plant (D:10)
5 creatures vanquished.

Grand Total: 318 creatures vanquished

Notes
Turn   | Place    | Note
-------+----------+-------------------------------------------
     0 | D:1      | slep the Demonspawn Gladiator began the quest for the Orb.
     0 | D:1      | Reached XP level 1. HP: 16/16 MP: 1/1
   142 | D:1      | Gained mutation: You are partially covered in rugged brown scales. (AC +1, +3% HP) [demonic ancestry]
   142 | D:1      | Reached XP level 2. HP: 12/22 MP: 2/2
   372 | D:1      | Reached XP level 3. HP: 21/28 MP: 3/3
   726 | D:2      | Found a glowing golden altar of the Shining One.
   828 | D:2      | Found a glowing silver altar of Zin.
   883 | D:2      | Found a shattered altar of Ashenzari.
   885 | D:2      | Found a basalt altar of Yredelemnul.
   906 | D:2      | Reached skill level 1 in Stealth
   949 | D:2      | Gained mutation: You are partially covered in sharp spines. [demonic ancestry]
   949 | D:2      | Reached XP level 4. HP: 26/35 MP: 4/4
  1025 | D:2      | Found a sparkling altar of Nemelex Xobeh.
  1137 | D:2      | You fall through a shaft for 2 floors!
  1138 | D:4      | Found a staircase to the Ecumenical Temple.
  1147 | Temple   | Entered the Ecumenical Temple
  1372 | D:4      | Found a hazy altar of Hepliaklqana.
  1399 | D:4      | Found a radiant altar of Vehumet.
  1422 | D:4      | Found an ancient bone altar of Kikubaaqudgha.
  1423 | D:4      | Found a deep blue altar of Sif Muna.
  1427 | D:4      | Identified Sif Muna's Compendium of Augmentations
  1476 | D:4      | Reached skill level 1 in Armour
  1491 | D:4      | Noticed Blork the orc
  1597 | D:4      | Found Reluc's Food Boutique.
  1772 | D:4      | Noticed an ogre
  1846 | D:3      | Gained mutation: You are mostly covered in rugged brown scales. (AC +2, +5% HP) [demonic ancestry]
  1846 | D:3      | Reached XP level 5. HP: 35/40 MP: 5/5
  2753 | D:4      | Killed an ogre
  2753 | D:4      | Gained mutation: You have sharp fingernails. [demonic ancestry]
  2753 | D:4      | Reached XP level 6. HP: 18/48 MP: 6/6
  2766 | D:4      | Killed Blork the orc
  2990 | D:5      | Entered Level 5 of the Dungeon
  3022 | D:5      | Reached skill level 5 in Axes
  3049 | D:5      | Reached XP level 7. HP: 11/54 MP: 7/7
  3519 | D:5      | Found a bloodstained altar of Trog.
  3720 | D:5      | Found a runed door.
  3778 | D:5      | Found a deep blue altar of Sif Muna.
  4080 | D:5      | Noticed Crazy Yiuf
  4083 | D:5      | Killed Crazy Yiuf
  4085 | D:5      | Got a brightly glowing mace
  4089 | D:5      | Got a fine mace
  4128 | D:5      | Identified the +4 mace of Vare {antimagic, rPois} (You found it on level 5 of the Dungeon)
  4129 | D:5      | Identified the +6 mace "Xighyis" {drain, rPois rF+ rN+} (You found it on level 5 of the Dungeon)
  4162 | D:6      | Gained mutation: You have very sharp fingernails. [demonic ancestry]
  4162 | D:6      | Reached XP level 8. HP: 63/63 MP: 5/8
  4794 | D:7      | Reached skill level 1 in Shields
  5058 | D:7      | Reached skill level 1 in Maces & Flails
  5097 | D:7      | Reached skill level 2 in Maces & Flails
  5286 | D:7      | Reached skill level 5 in Fighting
  5599 | D:7      | Reached skill level 3 in Maces & Flails
  5599 | D:7      | Gained mutation: You resist negative energy. (rN+) [demonic ancestry]
  5599 | D:7      | Reached XP level 9. HP: 58/71 MP: 9/9
  5720 | D:7      | Found an iron altar of Okawaru.
  5727 | D:7      | Became a worshipper of Warmaster Okawaru
  5729 | D:7      | Reached skill level 5 in Dodging
  5741 | D:7      | Gained mutation: You have claws for hands. [mutagenic meat]
  5743 | D:7      | Gained mutation: Armour fits poorly on your strangely shaped body. [mutagenic meat]
  5744 | D:7      | Gained mutation: You are agile. (Dex +2) [mutagenic meat]
  5888 | D:8      | Reached * piety under Okawaru
  6105 | D:8      | Reached skill level 4 in Maces & Flails
  6714 | D:9      | Reached ** piety under Okawaru
  6718 | D:9      | Gained mutation: You have a pair of small horns on your head. [mutagenic meat]
  6719 | D:9      | Gained mutation: Your flesh is cold resistant. (rC+) [mutagenic meat]
  6720 | D:9      | Gained mutation: Your spells are a little easier to cast, but a little less powerful. [mutagenic meat]
  6721 | D:9      | Lost mutation: Your spells are a little easier to cast, but a little less powerful. [mutagenic meat]
  6722 | D:9      | Gained mutation: You occasionally shout uncontrollably at your foes. [mutagenic meat]
  7081 | D:9      | Found a flagged portal.
  7088 | D:9      | Reached skill level 5 in Maces & Flails
  7109 | D:9      | Got a pitted halberd
  7113 | Bailey   | Entered a bailey
  7128 | Bailey   | Learned a level 1 spell: Apportation
  7134 | Bailey   | Noticed a deep elf mage
  7141 | Bailey   | Killed a deep elf mage
  7391 | Bailey   | Noticed a deep elf mage
  7392 | Bailey   | Noticed a deep elf mage
  7392 | Bailey   | Noticed a deep elf mage
  7393 | Bailey   | Noticed a deep elf mage
  7393 | Bailey   | Noticed a deep elf mage
  7400 | Bailey   | Killed a deep elf mage
  7400 | Bailey   | Reached *** piety under Okawaru
  7400 | Bailey   | Gained mutation: You are completely covered in rugged brown scales. (AC +3, +7% HP) [demonic ancestry]
  7400 | Bailey   | Reached XP level 10. HP: 72/81 MP: 10/10
  7402 | Bailey   | Noticed a deep elf mage
  7405 | Bailey   | Killed a deep elf mage
  7405 | Bailey   | Reached skill level 6 in Maces & Flails
  7418 | Bailey   | Killed a deep elf mage
  7418 | Bailey   | Reached **** piety under Okawaru
  7422 | Bailey   | Killed a deep elf mage
  7422 | Bailey   | Reached skill level 5 in Stealth
  7423 | Bailey   | HP: 4/82 [deep elf mage/bolt of cold (5)]
  7426 | Bailey   | Killed a deep elf mage
  7429 | Bailey   | Killed a deep elf mage
  7753 | Bailey   | Noticed a deep elf knight
  7763 | Bailey   | Killed a deep elf knight
  7763 | Bailey   | Reached ***** piety under Okawaru
  7763 | Bailey   | Reached skill level 7 in Maces & Flails
  8006 | Bailey   | Noticed a deep elf mage
  8016 | Bailey   | Killed a deep elf mage
  8207 | D:9      | Found a staircase to the Orcish Mines.
  8428 | D:10     | Entered Level 10 of the Dungeon
  8682 | D:10     | Received a gift from Okawaru
  8683 | D:10     | Got a polished morningstar {god gift}
  8684 | D:10     | Reached XP level 11. HP: 34/89 MP: 11/11
  8698 | D:10     | HP: 4/133 [yak (8)]
  9034 | D:10     | Identified the +9 morningstar of the Empty Page {drain, rF+ Str+2} (Okawaru gifted it to you on level 10 of the Dungeon)
  9294 | D:10     | Reached skill level 8 in Maces & Flails
  9520 | D:10     | Found a staircase to the Lair.
  9856 | D:11     | Reached skill level 5 in Armour
  9930 | D:11     | Noticed a two-headed ogre
  9949 | D:11     | Killed a two-headed ogre
 10066 | D:11     | Received a gift from Okawaru
 10148 | D:11     | Reached skill level 9 in Maces & Flails
 10269 | D:11     | Received a gift from Okawaru
 10486 | D:12     | Received a gift from Okawaru
 10533 | D:12     | Found Zusk's General Store.
 10553 | D:12     | Bought a scroll of blinking for 105 gold pieces
 10683 | D:12     | Reached ****** piety under Okawaru
 10683 | D:12     | Reached skill level 10 in Maces & Flails
 10720 | D:12     | HP: 4/92 [something (9)]
 10729 | D:12     | Gained mutation: You sometimes gain a little power by taking damage. [demonic ancestry]
 10729 | D:12     | Reached XP level 12. HP: 22/99 MP: 12/12
 11381 | D:12     | Received a gift from Okawaru
 11964 | D:13     | Noticed a centaur warrior
 11964 | D:13     | Noticed a great orb of eyes
 11964 | D:13     | Noticed a death knight
 11964 | D:13     | Noticed a centaur warrior
 11968 | D:13     | Noticed a centaur warrior
 12175 | D:12     | Lost mutation: Your flesh is cold resistant. (rC+) [potion of mutation]
 12175 | D:12     | Lost mutation: Armour fits poorly on your strangely shaped body. [potion of mutation]
 12175 | D:12     | Gained mutation: Potions are less effective at restoring your health. [potion of mutation]
 12175 | D:12     | Gained mutation: Your system is resistant to poisons. (rPois) [potion of mutation]
 12176 | D:12     | Lost mutation: You have a pair of small horns on your head. [potion of mutation]
 12176 | D:12     | Lost mutation: You occasionally shout uncontrollably at your foes. [potion of mutation]
 12176 | D:12     | Lost mutation: Your system is resistant to poisons. (rPois) [potion of mutation]
 12176 | D:12     | Gained mutation: You can translocate small distances at will. [potion of mutation]
 12176 | D:12     | Gained mutation: You possess an exceptional clarity of mind. [potion of mutation]
 12229 | D:12     | Identified the +11 halberd of the Desert {venom, Dex+4} (You found it on level 9 of the Dungeon)
 12277 | D:12     | Killed a centaur warrior
 12283 | D:12     | Killed a centaur warrior
 12410 | D:12     | Killed a centaur warrior
 12600 | D:13     | Slain by a death knight

Vault maps used:
D:1:      minmay_arrival_loop
D:2:      zin_academy, nemelex_xobeh_ov_fountains_minmay,
          nicolae_overflow_hidden_temple
D:3:      grunt_decor_cap
D:4:      grunt_temple_overflow_magic_moments, overflow_temple_1_default,
          minmay_temple_entry_statues_fountains, serial_shops,
          nicolae_shop_stone, first_bread, uniq_blork_the_orc
D:5:      old_standard_altar, st_stairs_9, hangedman_abyss_or_decor_passed,
          led_sif_pool, uniq_crazy_yiuf_cottage
D:6:      corexii_checkpoint_b
D:7:      okawaru_metal_pillars_1_2, dk_rats_in_the_wall
D:9:      orc_0_dummy, enter_bailey_2
D:10:     grunt_lair_entry_orc_guard_hut
D:11:     grunt_livestock, hangedman_decor_points, minmay_misc_feat_room
D:12:     serial_shops, nicolae_shop_trees, wad_rectangle_vault
D:13:     minmay_ambush_box, lightli_vaults_fourway_checkpoint, serial_glass,
          glass_columns_b, glass_columns_a, glass_columns_a, glass_columns_a,
          special_room, lab_entry_generic, uniq_sonja, uniq_kirke
Temple:   minmay_temple_curvy_loop
Bailey:   bailey_polearm_3, bailey

Skill      XL: |  1  2  3  4  5  6  7  8  9 10 11 12 |
---------------+-------------------------------------+-----
Axes           | 3 4 5 6 |  6.4
Dodging        | 3 4 6 7 8 |  8.3
Stealth        | 1 2 3 4 5 |  5.6
Armour         | 1 2 3 4 5 6 |  6.3
Fighting       | 3 5 6 7 8 |  8.7
Shields        | 1 2 3 4 |  4.7
Maces & Flails | 3 5 7 10 | 10.5
Throwing       | 2 3 |  3.0

Action                   |  1- 3 |  4- 6 |  7- 9 | 10-12 || total
-------------------------+-------+-------+-------+-------++-------
Melee: War axe           |   103 |   110 |    91 |       ||   304
       Mace              |       |       |   226 |   481 ||   707
       Headbutt          |       |       |     5 |   105 ||   110
Throw: Throwing net      |       |       |     1 |     2 ||     3
       Javelin           |       |       |       |    19 ||    19
  Use: Scroll            |       |       |     7 |       ||     7
       Potion            |       |       |       |     9 ||     9
 Stab: Sleeping          |     1 |     3 |     8 |     3 ||    15
       Distracted        |     1 |       |     1 |       ||     2
       Held in net/web   |       |       |       |     1 ||     1
  Eat: Chunk             |       |     7 |    23 |    14 ||    44
       Fruit             |       |       |       |     4 ||     4
Armor: Leather armour    |    43 |    29 |    97 |    33 ||   202
       Plate armour      |       |       |    60 |       ||    60
       Scale mail        |       |       |       |    62 ||    62
Dodge: Dodged            |   105 |    76 |   218 |   305 ||   704
Block: Buckler           |       |     8 |    60 |    97 ||   165

Table legend:
 A = Spawn XP
 B = Non-spawn XP
 C = Spawn XP percentage of total XP
 D = Spawn monster count
 E = Non-spawn monster count
 F = Spawn count percentage of total count
 G = Total turns spent on level
                    A         B        C        D         E        F      G
               +---------+---------+-------+---------+---------+-------+---------
         Total |       0 |   28451 |   0.0 |       0 |     314 |   0.0 | 12600
               +---------+---------+-------+---------+---------+-------+---------
           D:1 |       0 |      51 |   0.0 |       0 |      18 |   0.0 |   612
           D:2 |       0 |      48 |   0.0 |       0 |      20 |   0.0 |   546
           D:3 |       0 |      99 |   0.0 |       0 |      28 |   0.0 |   545
           D:4 |       0 |     348 |   0.0 |       0 |      15 |   0.0 |  1072
           D:5 |       0 |     868 |   0.0 |       0 |      24 |   0.0 |  1169
           D:6 |       0 |     506 |   0.0 |       0 |      21 |   0.0 |   872
           D:7 |       0 |    1103 |   0.0 |       0 |      36 |   0.0 |   773
           D:8 |       0 |    1298 |   0.0 |       0 |      19 |   0.0 |   856
           D:9 |       0 |     738 |   0.0 |       0 |      13 |   0.0 |   811
          D:10 |       0 |    2480 |   0.0 |       0 |      22 |   0.0 |  1289
          D:11 |       0 |    5761 |   0.0 |       0 |      37 |   0.0 |   750
          D:12 |       0 |    9753 |   0.0 |       0 |      51 |   0.0 |  2110
          D:13 |       0 |     338 |   0.0 |       0 |       1 |   0.0 |    23
        Bailey |       0 |    5060 |   0.0 |       0 |       9 |   0.0 |   957
               +---------+---------+-------+---------+---------+-------+---------
